[Event "*** SCC Grand Prix: Titled Tuesday Blitz"]
[Site "Chess.com"]
[Date "2020.07.14"]
[Round "10"]
[White "GustavoJuarezF"]
[Black "GuuBol"]
[Result "0-1"]
[WhiteElo "2013"]
[BlackElo "2240"]
[TimeControl "180+1"]
[EndTime "11:59:04 PDT"]
[Termination "GuuBol won on time"]

1. e4 c5 2. Nc3 d6 3. g3 g6 4.
Bg2 Bg7 5. Nge2 Nc6 6. d3 Rb8 7. Be3 b5 8. Qd2 b4 9. Nd1 Nd4 10. c3 bxc3 11. bxc3 Bh3 12. O-O Bxg2 13. Kxg2 Nc6 14. d4 cxd4 15. cxd4 Nf6 16. Ndc3 O-O 17. h3 Qa5 18. Rfd1 Rb7 19. g4 Rfb8 20. d5 Rb2 21.
Qe1 Nb4 22. Rdc1 Nc2 23. Rxc2 Rxc2 24. Nd4 Rxc3 25. Bd2 Rbc8 26. Nc6 Qc7 27. Bxc3 Nxd5 28. exd5 Bxc3 29. Qxc3 e5 30. Rc1 Re8 31. Qd2 Qb6 32. a4 Kg7 33. a5 Qa6 34. Qc3 f5 35. Qc4 Qb7 36. a6 Qb2 37. gxf5 gxf5 38. Rc2 Qa1 39. Qh4 Rg8 40. Kh2 Qd1 41. Nxe5 Qxc2 42. Qe7+ Kh6 43.
Qf6+ Rg6 44. Nf7+ Kh5 45. Qd4 Qe2 46. Qf4 Qd1 0-1

[Event "*** SCC Grand Prix: Titled Tuesday Blitz"]
[Site "Chess.com"]
[Date "2020.07.14"]
[Round "10"]
[White "AurumO"]
[Black "chesslh19"]
[Result "0-1"]
[WhiteElo "1986"]
[BlackElo "2141"]
[TimeControl "180+1"]
[EndTime "11:59:04 PDT"]
[Termination "chesslh19 won on time"]

1. e4 c5 2. c3 Nf6 3. e5 Nd5 4. Bc4 Nb6 5. Bb3 c4 6. Bc2 d6 7.
exd6 Qxd6 8. d4 cxd3 9. Bxd3 Nc6 10. h3 g6 11. Nf3 Bg7 12. O-O O-O 13. Qe2 Nd5 14. Na3 Nf4 15. Bxf4 Qxf4 16. Rad1 Be6 17. Nb5 Bxa2 18. c4 Bb3 19. Rd2 a6 20. Nc3 Rad8 21. Nd5 Qb8 22. Nxe7+ Nxe7 23. Qxe7 Rfe8 24. Qb4 Bh6 25.
Qxb3 Bxd2 26. Nxd2 Qd6 27. Bxg6 hxg6 28. Nf3 Qd3 29.
Qxb7 Qd7 30. Qxa6 Rb8 31. Qf6 Qe6 32. Qc3 Qb6 33. Ng5 Qxb2 34. Qf3 Qg7 35. c5 Rbc8 36. c6 f6 37. Ne4 Qe7 38. Ng3 Kg7 39. Qc3 Qe5 40. Qb3 Qe6 41. Qb7+ Kf8 0-1

[Event "*** SCC Grand Prix: Titled Tuesday Blitz"]
[Site "Chess.com"]
[Date "2020.07.14"]
[Round "10"]
[White "VMikhalevski"]
[Black "Fandorine"]
[Result "0-1"]
[WhiteElo "2801"]
[BlackElo "2953"]
[TimeControl "180+1"]
[EndTime "11:59:05 PDT"]
[Termination "Fandorine won on time"]

1. d4 Nf6 2. Nf3 g6 3. g3 Bg7 4. Bg2 O-O 5. O-O d6 6. b3 e5 7. dxe5 dxe5 8. Ba3 e4 9. Bxf8 Qxf8 10. Nd4 e3 11.
Nc3 Ng4 12. fxe3 Nxe3 13. Qd3 Nxf1 14. Rxf1 c5 15. Ndb5 Nc6 16. Nd5 a6 17. Nbc7 Rb8 18.
Nf6+ Kh8 19. Nce8 Be6 20. Bxc6 bxc6 21. Nc7 Qe7 22. Nxe6 Qxe6 23. Qf3 c4 24. g4 cxb3 25. axb3 h6 26. Ne4 Re8 27. Ng3 Kg8 28. Rd1 a5 29.
Kf1 Be5 30. Rd3 Bg7 31. h3 Ra8 32. Ne4 Qe7 33. Nd2 a4 34. Qxc6 Re8 35. Qf3 a3 36.
b4 a2 37. Ra3 a1=Q+ 38. Rxa1 Bxa1 39. c3 Bxc3 40. Qxc3 Qxe2+ 41. Kg1 Qe1+ 0-1

[Event "*** SCC Grand Prix: Titled Tuesday Blitz"]
[Site "Chess.com"]
[Date "2020.07.14"]
[Round "10"]
[White "c_r_e_e_p_e_r"]
[Black "Schandenfreude"]
[Result "0-1"]
[WhiteElo "2306"]
[BlackElo "2458"]
[TimeControl "180+1"]
[EndTime "11:59:05 PDT"]
[Termination "Schandenfreude won by checkmate"]

1. e4 e6 2. d4 d5 3. Nd2 dxe4 4. Nxe4 Bd7 5. Nf3 Bc6 6. Bd3 Nd7 7. O-O Ngf6 8. Ng3 Be7 9. b3 O-O 10. c4 Bxf3 11.
Qxf3 c6 12. Bb2 Qa5 13. a3 Rfe8 14. Rfe1 Rad8 15. h4 Bf8 16. h5 Qg5 17. Bc1 Qg4 18. Qxg4 Nxg4 19. Bb2 h6 20. Rad1 Ngf6 21. Bc2 Bd6 22.
Ne4 Nxe4 23. Bxe4 Nf6 24. Bf3 Bc7 25. g3 Rd7 26. Kg2 Red8 27. a4 Bb6 28. c5 Ba5 29. Re2 Nd5 30. Rc2 Ne7 31. Be4 e5 32. Rc4 f5 33. Bf3 Bc7 34. Re1 e4 35. Be2 Nd5 36. b4 Re8 37. b5 Ba5 38. Rec1 f4 39. Ba3 f3+ 40. Bxf3 exf3+ 41. Kxf3 Rf7+ 42. Kg2 Re2 43. Kf1 Rfxf2+ 44. Kg1 Rg2+ 45. Kh1 Rh2+ 46. Kg1 Reg2+ 47. Kf1 Ne3# 0-1

[Event "*** SCC Grand Prix: Titled Tuesday Blitz"]
[Site "Chess.com"]
[Date "2020.07.14"]
[Round "10"]
[White "PavelShkapenko"]
[Black "TokChess"]
[Result "1-0"]
[WhiteElo "2594"]
[BlackElo "2439"]
[TimeControl "180+1"]
[EndTime "11:59:06 PDT"]
[Termination "PavelShkapenko won by resignation"]

1. e4 c5 2. c3 Nf6 3. e5 Nd5 4. d4 cxd4 5. cxd4 d6 6. Nf3 Nc6 7. Bc4 e6 8. O-O Be7 9. Bd2 O-O 10. Nc3 Nxc3 11. Bxc3 dxe5 12. dxe5 b6 13. Qe2 Bb7 14. Rac1 Rc8 15. Bd3 Nb4 16. Bb1 Qd5 17. Rfd1 Qc4 18. Qxc4 Rxc4 19. Rd7 Bxf3 20. Rxe7 Bh5 21. Rxa7 Bg6 22.
Bxg6 hxg6 23. Ra4 Rfc8 24. Rd1 Nd5 25. Rxc4 Rxc4 26. Bd4 Rc2 27. g3 Kf8 28. Kg2 Ke8 29. Kf3 Kd7 30. Ke4 Kc6 31. Kd3 Nb4+ 32. Ke4 Nd5 33. a3 Kb5 34. Kd3 Rc8 35. Rd2 Ka4 36.
Rc2 Rxc2 37. Kxc2 g5 38. h3 g6 39. f3 b5 40. Bc5 Ka5 41. b3 Ka6 42. Kd3 Kb7 43.
Be3 Kc6 44. Bxg5 Nc7 45. Ke4 Kc5 46. Be3+ Kc6 47. h4 Nd5 48. Bd2 Ne7 49. g4 Ng8 50. Bg5 1-0

[Event "*** SCC Grand Prix: Titled Tuesday Blitz"]
[Site "Chess.com"]
[Date "2020.07.14"]
[Round "10"]
[White "davigator"]
[Black "Korona_91"]
[Result "0-1"]
[WhiteElo "2367"]
[BlackElo "2508"]
[TimeControl "180+1"]
[EndTime "11:59:06 PDT"]
[Termination "Korona_91 won on time"]

1. e4 e6 2. d4 d5 3. Nc3 Bb4 4. e5 c5 5. a3 Bxc3+ 6. bxc3 Qa5 7. Bd2 Qa4 8. Nf3 Ne7 9. h4 b6 10. h5 h6 11. Rh4 Nf5 12. Rf4 cxd4 13. Nxd4 Nxd4 14.
Rxd4 Qc6 15. Rg4 Ba6 16. Rxg7 Bxf1 17. Kxf1 Nd7 18. f4 Nc5 19. Qf3 Ne4 20. Be1 Rc8 21. f5 exf5 22. Qxf5 Rf8 23. Rd1 Qe6 24. Qxe6+ fxe6+ 25. Kg1 Rf7 26. Rg8+ Kd7 27. Rxc8 Kxc8 28. Rd3 Rf5 29.
Bd2 Rxh5 30. Bf4 Rf5 31. g3 h5 32. Kg2 Kd7 33. c4 Kc6 34. cxd5+ exd5 35. c4 dxc4 36. Rd4 Nc5 37. Rxc4 Kd5 38. Rc2 h4 39. Kf3 hxg3 40. Kg4 Rf7 41. Bxg3 Rg7+ 42. Kf3 Ne6 43. Rd2+ Nd4+ 44. Kf4 Rf7+ 45. Kg4 Ke4 46. Rd1 Rg7+ 47. Kh3 Ne6 48. Re1+ Kd5 49. Rd1+ Kc4 50. Rd6 Rg6 51. Rd7 a5 52. Rd6 b5 53. Kh4 b4 54. axb4 axb4 55. Be1 Rh6+ 56. Kg3 b3 0-1

[Event "*** SCC Grand Prix: Titled Tuesday Blitz"]
[Site "Chess.com"]
[Date "2020.07.14"]
[Round "10"]
[White "ellatambien"]
[Black "Olga_Zhuravleva"]
[Result "0-1"]
[WhiteElo "2401"]
[BlackElo "2325"]
[TimeControl "180+1"]
[EndTime "11:59:07 PDT"]
[Termination "Olga_Zhuravleva won on time"]

1. e4 e5 2. Nf3 Nc6 3. d4 exd4 4. Nxd4 Nf6 5. Nxc6 bxc6 6. Bd3 d5 7. exd5 cxd5 8.
O-O Be7 9. Bf4 O-O 10. Nd2 c5 11.
Re1 Be6 12. Nf3 Bd6 13. Qd2 Bxf4 14. Qxf4 h6 15. Rad1 Rb8 16. b3 Qa5 17. Qd2 Qxa2 18. Ra1 Qb2 19. Reb1 Ne4 20. Bxe4 Qf6 21. Bxd5 Rfd8 22.
c4 Rxb3 23. h3 Rxf3 24. gxf3 Bxh3 25. f4 Bf5 26. Rb3 Qxa1+ 27. Kg2 Qf6 28. Re3 a5 29. Qxa5 Rc8 30. Qa7 h5 31. Rg3 h4 32. Rg5 h3+ 33.
Kg3 Be6 34. Bxe6 Qxe6 35. Qb7 Rd8 36. Qf3 Qxc4 37. Kh2 Qe6 38. Qg3 Qf6 39. Rxc5 g6 40. f5 Kg7 41. fxg6 fxg6 42. Rc7+ Kg8 0-1

[Event "*** SCC Grand Prix: Titled Tuesday Blitz"]
[Site "Chess.com"]
[Date "2020.07.14"]
[Round "10"]
[White "TioCridineno"]
[Black "Colombiano07"]
[Result "0-1"]
[WhiteElo "2157"]
[BlackElo "2317"]
[TimeControl "180+1"]
[EndTime "11:59:07 PDT"]
[Termination "Colombiano07 won by resignation"]

1. e4 c5 2. Nf3 g6 3. Nc3 Bg7 4. g3 Nc6 5. Bg2 e6 6. O-O Nge7 7. d3 O-O 8. Be3 Nd4 9. Qd2 d5 10. Nd1 dxe4 11. dxe4 Nxf3+ 12. Bxf3 Qxd2 13. Bxd2 Bd7 14. Bc3 Bc6 15. Bxg7 Kxg7 16. Bg2 Rad8 17. Ne3 Rd2 18. Rfd1 Rfd8 19. Rxd2 Rxd2 20. Rd1 Rxd1+ 21. Nxd1 Kf6 22. f4 e5 23. Kf2 Ke6 24. Ne3 f6 25. c3 b6 26. Bf3 Nc8 27. Nc4 Bb5 28. Nd2 Nd6 29. Ke3 Bc4 30. a3 Bb5 31. h4 a5 32. b4 cxb4 33. cxb4 a4 34. Bd1 Bc6 35. Bc2 Bb5 36. Bd1 h6 37. Bc2 Kd7 38. Bd3 Bxd3 39. Kxd3 b5 40.
Nb1 exf4 41. gxf4 Nc4 42. Kd4 Ke6 43. Kc5 g5 44. fxg5 fxg5 45. hxg5 hxg5 46. Kxb5 Nd6+ 47. Kxa4 Nxe4 48. b5 g4 49. b6 Kd6 50. Ka5 g3 51. Ka6 g2 52. b7 Nc5+ 53. Kb6 Nxb7 54. Kxb7 g1=Q 55. Nc3 Qg2+ 56. Ka7 Kc5 57. a4 Qg7+ 0-1

[Event "*** SCC Grand Prix: Titled Tuesday Blitz"]
[Site "Chess.com"]
[Date "2020.07.14"]
[Round "10"]
[White "Vaathi_Coming"]
[Black "annazero"]
[Result "0-1"]
[WhiteElo "2877"]
[BlackElo "2420"]
[TimeControl "180+1"]
[EndTime "11:59:08 PDT"]
[Termination "annazero won on time"]

1. Nf3 g6 2. h4 Bg7 3. h5 gxh5 4. Rxh5 d5 5. c4 dxc4 6. Na3 Nf6 7. Rh4 Nc6 8. Nxc4 Bf5 9. d3 Qd7 10. Bh6 Bxh6 11.
Rxh6 O-O-O 12. Rc1 Be6 13. g3 Ng4 14. Rh4 h5 15.
Bg2 Bd5 16. b4 Nxb4 17. Nfe5 Qe6 18. Bxd5 Nxd5 19. Nf3 Kb8 20. Qb3 Nb6 21. Ng5 Qd5 22. Nxb6 Qxg5 23. Rc4 cxb6 24. Kf1 Nf6 25. Kg2 Qd5+ 26.
e4 Qxd3 27. Rc3 Qd6 28. Rf3 Qe6 29. Qe3 Nd7 30. Rf5 f6 31. a4 Ne5 32. Rfxh5 Rxh5 33. Rxh5 Qd6 34. Rh7 a6 35. Qf4 b5 36. axb5 axb5 37.
Qe3 b4 38. Qb3 Nc6 39. Qc4 Qd4 40. Qe2 b3 41. Rh1 Qd3 42. Qg4 b2 43. Qf4+ e5 44.
Qxf6 b1=Q 45. Rxb1 Qxb1 46. Qg6 Qd3 47. Qf5 Qd7 48. Qg6 Qe7 49. Qf5 Rd6 50. Qh5 Kc7 51.
Qh8 b5 0-1

[Event "*** SCC Grand Prix: Titled Tuesday Blitz"]
[Site "Chess.com"]
[Date "2020.07.14"]
[Round "10"]
[White "ljuks68"]
[Black "SargissyanSargis"]
[Result "1-0"]
[WhiteElo "2441"]
[BlackElo "2299"]
[TimeControl "180+1"]
[EndTime "11:59:08 PDT"]
[Termination "ljuks68 won on time"]

1. e4 e5 2. Nf3 Nc6 3. Bb5 a6 4.
Ba4 Nf6 5. Qe2 b5 6. Bb3 Be7 7. c3 O-O 8. d4 d6 9. O-O Bb7 10. Rd1 exd4 11. cxd4 d5 12. e5 Ne4 13. Nc3 Na5 14.
Bc2 f5 15. exf6 Bxf6 16. Bf4 Re8 17. Ne5 Nc4 18. Nxe4 dxe4 19. Bxe4 Bxe4 20. Qxe4 Nxb2 21. Re1 Nc4 22. Rad1 Bxe5 23. dxe5 Qe7 24. e6 Rad8 25.
Rxd8 Rxd8 26. h4 Nd6 27. Qd5 Re8 28. Bg5 Qf8 29. Qc6 h6 30. Bc1 Qe7 31. Bb2 Kh8 32. Re3 Nc4 33. Rg3 Nxb2 34. Qxa6 Qxe6 35. Qxb5 Nc4 36.
a4 Nd6 37. Qc6 Qe1+ 38. Kh2 Qe7 39. a5 Qxh4+ 40. Rh3 Qf4+ 41. Rg3 Rf8 42. Qxc7 1-0

[Event "*** SCC Grand Prix: Titled Tuesday Blitz"]
[Site "Chess.com"]
[Date "2020.07.14"]
[Round "10"]
[White "Shushik"]
[Black "stolencandy13"]
[Result "0-1"]
[WhiteElo "2205"]
[BlackElo "2406"]
[TimeControl "180+1"]
[EndTime "11:59:08 PDT"]
[Termination "stolencandy13 won by resignation"]

1. e4 c6 2. d4 d5 3. Nc3 dxe4 4. Nxe4 Bf5 5. Ng3 Bg6 6. Nf3 Nd7 7.
Bd3 e6 8. O-O Ngf6 9. c4 Be7 10.
b3 O-O 11. Bb2 Rc8 12. Re1 c5 13. Bxg6 hxg6 14. Qe2 cxd4 15. Nxd4 Qb6 16. Rad1 Rfd8 17. Nf3 Bb4 18. Rf1 Be7 19. Rfe1 Nc5 20. Ne5 Rxd1 21. Rxd1 Rd8 22. Rd2 Rxd2 23. Qxd2 Qd6 24. Qxd6 Bxd6 25.
Kf1 Nfe4 26. Nxe4 Nxe4 27. Ke2 Kf8 28. f3 Nf6 29. Nd3 Nd7 30. g3 g5 31. Bd4 a6 32.
c5 Bb8 33. b4 f6 34. Nb2 Ke7 35. Nc4 e5 36. Be3 Ke6 37. Na5 b5 38. cxb6 Kd5 39. Kd3 f5 40. a4 g4 41. fxg4 e4+ 42. Kc3 fxg4 43. Nc4 Ne5 44. Bf4 Nxc4 45. Bxb8 Nxb6 46. a5 Nd7 47. Bf4 Nf6 48. Be3 Nd7 49. b5 axb5 50. a6 Kc6 51. Kb4 Nf6 52. a7 Nd5+ 53. Ka5 Kb7 54. Bd4 b4 55. Bxg7 e3 56. Bd4 e2 57. Bf2 b3 0-1

[Event "*** SCC Grand Prix: Titled Tuesday Blitz"]
[Site "Chess.com"]
[Date "2020.07.14"]
[Round "10"]
[White "PattyCastillo"]
[Black "NotFischer"]
[Result "1/2-1/2"]
[WhiteElo "1956"]
[BlackElo "2130"]
[TimeControl "180+1"]
[EndTime "11:59:08 PDT"]
[Termination "Game drawn by repetition"]

1. d4 Nf6 2. Nf3 d6 3. Nc3 c6 4. e4 Bg4 5. Be2 Nbd7 6. h3 Bxf3 7. Bxf3 e5 8. dxe5 dxe5 9. O-O Be7 10. Be3 O-O 11.
Qe2 Qc7 12. Rfd1 Rfd8 13. a3 Nc5 14. b4 Ne6 15. g3 a5 16. b5 Nd4 17. Bxd4 exd4 18. Na4 Qe5 19. bxc6 bxc6 20. Nb6 Rab8 21.
Nc4 Qb5 22. a4 Qc5 23. Rab1 Rb4 24. Nb2 Qc3 25. Rd3 Rxb2 26. Rxc3 Rxb1+ 27. Kg2 dxc3 28. Qc4 Bb4 29. Qxc6 Rd2 30. Qc8+ Bf8 31. e5 Nd5 32. Bxd5 Rxd5 33. e6 fxe6 34. Qxe6+ Kh8 35. Qxd5 Rb2 36. Qd8 Kg8 37. Qd5+ Kh8 38. Qf7 Rb8 39. Qc4 Bb4 40.
Qf4 Rf8 41. Qc4 h6 42. Qb5 Rd8 43. h4 Rd2 44. Qf5 Re2 45. Qc8+ Kh7 46. Qf5+ Kh8 47.
Qc8+ Kh7 48. Qf5+ Kg8 49. Qc8+ Kh7 1/2-1/2

[Event "*** SCC Grand Prix: Titled Tuesday Blitz"]
[Site "Chess.com"]
[Date "2020.07.14"]
[Round "10"]
[White "ClassyEl"]
[Black "okriak"]
[Result "0-1"]
[WhiteElo "2538"]
[BlackElo "2693"]
[TimeControl "180+1"]
[EndTime "11:59:11 PDT"]
[Termination "okriak won on time"]

1. d4 d6 2. Nf3 Bg4 3. c4 Bxf3 4. exf3 c6 5. Nc3 Nf6 6. Be3 e6 7. d5 Nbd7 8. f4 g6 9. g3 exd5 10. cxd5 c5 11. Bg2 Bg7 12. O-O O-O 13. h3 Re8 14. Qc2 a6 15. a4 Nh5 16. g4 Nhf6 17. f5 Ne5 18. Bf4 Nfd7 19. fxg6 hxg6 20. Bg3 Nb6 21. b3 c4 22. bxc4 Rc8 23. Qb3 Nbxc4 24. Ne4 Na5 25. Qb4 Nd3 26. Qxd6 Bxa1 27. Rxa1 Kg7 28.
Qa3 Qxd5 29. Nd6 Qd4 30. Nxe8+ Rxe8 31. Rd1 Re1+ 32. Rxe1 Nxe1 33. Qe7 Nd3 34. Bd6 Qxf2+ 35. Kh2 Nc4 36. Bg3 Qc5 37. Qxb7 Ne3 38. Qxa6 Nxg2 39. Qxd3 Ne3 40. a5 f5 41. a6 fxg4 42. Bd6 Qa7 43. Be5+ Kh7 44. h4 Nf5 0-1

[Event "*** SCC Grand Prix: Titled Tuesday Blitz"]
[Site "Chess.com"]
[Date "2020.07.14"]
[Round "10"]
[White "XiaoKangZhong"]
[Black "Shivagami"]
[Result "0-1"]
[WhiteElo "2405"]
[BlackElo "2224"]
[TimeControl "180+1"]
[EndTime "11:59:11 PDT"]
[Termination "Shivagami won by checkmate"]

1. e4 c5 2. c3 d5 3. exd5 Qxd5 4. d4 g6 5. Nf3 Bg7 6. Na3 cxd4 7. Bc4 Qa5 8. O-O Nh6 9. Bxh6 Bxh6 10. Qxd4 O-O 11.
Qh4 Bg7 12. Qxe7 Nc6 13. Qg5 Bf5 14. Nh4 h6 15. Qg3 Kh7 16. Nxf5 Qxf5 17. Bd3 Qh5 18. Nc4 Rad8 19. Rad1 a6 20. Rfe1 b5 21. Nd6 Be5 22. Rxe5 Qxd1+ 23. Bf1 Nxe5 24. Qxe5 Qxd6 25. Qe3 Qd2 26.
Qb6 Rfe8 27. g3 Rd6 28. Qa7 Kg7 29. c4 bxc4 30. Bxc4 Qc1+ 31. Bf1 Rd1 32. Kg2 Rxf1 33. Qd4+ Kh7 34. Qd7 Rg1+ 35. Kh3 Qc8 36. Qg4 Qxg4+ 37. Kxg4 Rb1 38. b3 Rb2 39. Kf3 Rxa2 40. h4 Rb2 41. b4 Rxb4 42. h5 g5 43. Kg2 Rb3 44. Kh3 f5 45. f4 gxf4 46. Kh4 f3 47. Kh3 f2 48. Kg2 Rb2 49. g4 Re1 50. g5 f1=Q+ 51. Kg3 Re3+ 52. Kh4 Qh1# 0-1

[Event "*** SCC Grand Prix: Titled Tuesday Blitz"]
[Site "Chess.com"]
[Date "2020.07.14"]
[Round "10"]
[White "Batica1984"]
[Black "theblitzchamp"]
[Result "1-0"]
[WhiteElo "2883"]
[BlackElo "2671"]
[TimeControl "180+1"]
[EndTime "11:59:14 PDT"]
[Termination "Batica1984 won by resignation"]

1. e4 d6 2. d4 Nf6 3. Nc3 g6 4. Bg5 Bg7 5. Qd2 h6 6. Bh4 g5 7.
Bg3 Nh5 8. O-O-O a6 9. Be2 Nxg3 10. hxg3 Nc6 11. Qe3 e5 12. dxe5 Nxe5 13. f4 Nc6 14.
Nf3 Bg4 15. e5 gxf4 16. gxf4 Ne7 17. exd6 cxd6 18. Ne5 Bxe2 19. Qxe2 Qc7 20. Nc4 O-O-O 21. Nd5 Nxd5 22. Rxd5 Kb8 23. Qd3 Rd7 24. Rd1 Rc8 25. Ne3 Qb6 26. Qb3 Qc6 27. Nf5 Bf8 28. g4 Rdc7 29.
c3 Qc4 30. Qxc4 Rxc4 31. R1d4 Rxd4 32. Rxd4 Rc5 33. Kd2 h5 34. b4 Rb5 35. a4 Rxf5 36.
gxf5 Kc7 37. Rd5 Be7 38. f6 Bxf6 39. Rf5 Bd8 40. Rxf7+ Kc6 41. Rh7 h4 42. c4 b5 43.
cxb5+ axb5 44. a5 Kd5 45. Kd3 Kc6 46. Ke4 Bf6 47. Kf5 Bc3 48. a6 Bd4 49. a7 Bxa7 50.
Rxa7 h3 51. Rh7 h2 52. Rxh2 Kd5 1-0

[Event "*** SCC Grand Prix: Titled Tuesday Blitz"]
[Site "Chess.com"]
[Date "2020.07.14"]
[Round "10"]
[White "Sergey85Rodchenkov"]
[Black "Chessdemon2019"]
[Result "0-1"]
[WhiteElo "2496"]
[BlackElo "2376"]
[TimeControl "180+1"]
[EndTime "11:59:14 PDT"]
[Termination "Chessdemon2019 won on time"]

1. e4 c5 2. Nf3 d6 3. d4 cxd4 4. Nxd4 Nf6 5. Nc3 a6 6. Bc4 e6 7. Bb3 Nbd7 8. f4 Nc5 9. f5 Be7 10. Qf3 O-O 11. g4 Nxb3 12. axb3 e5 13. Nde2 d5 14.
exd5 Bb4 15. O-O Bc5+ 16. Kh1 Re8 17. Bg5 h6 18. Bh4 Qd6 19. Ng3 e4 20. Ngxe4 Nxe4 21. Nxe4 Qc7 22. Nxc5 Qxc5 23. c4 Qd4 24. Rae1 Bd7 25. h3 Qxb2 26. f6 g6 27. Re7 Rxe7 28. fxe7 Be8 29. Bf6 Qd2 30. Bc3 Qg5 31. Qe4 h5 32. Qd4 Qh6 33. g5 Qh7 34. h4 f5 35.
gxf6 Qf7 36. Rg1 b5 37. c5 a5 38. c6 a4 39. bxa4 Rxa4 40. Qf2 Qxd5+ 41. Kh2 Qd6+ 42. Rg3 Rxh4+ 43. Kg1 Qd1+ 44. Be1 Kf7 45. Qa2+ Kxf6 46.
Qb2+ Kxe7 47. Re3+ Kf7 48. Qf2+ Kg7 49. Qxh4 Bxc6 50.
Re7+ Kg8 51. Qg5 Qd4+ 52. Bf2 Qd1+ 53. Re1 Qd3 54. Qd8+ Qxd8 0-1

[Event "*** SCC Grand Prix: Titled Tuesday Blitz"]
[Site "Chess.com"]
[Date "2020.07.14"]
[Round "10"]
[White "freshfoodcompany"]
[Black "benko_008"]
[Result "1-0"]
[WhiteElo "2292"]
[BlackElo "2422"]
[TimeControl "180+1"]
[EndTime "11:59:16 PDT"]
[Termination "freshfoodcompany won by resignation"]

1. d4 d5 2. c4 e6 3. Nc3 Nf6 4. cxd5 exd5 5. Bg5 c6 6. e3 Be7 7. Bd3 O-O 8. Nge2 h6 9. Bh4 a5 10. O-O Na6 11. a3 Re8 12. Qc2 Nc7 13. f3 c5 14.
dxc5 Bxc5 15. Nd1 b6 16. Nd4 Bd7 17. Bf2 Rc8 18. Qd2 Qe7 19. Rb1 a4 20. Nc3 Ne6 21. Ndb5 Nc7 22. Nxc7 Rxc7 23. Rfe1 Bc6 24. Bc2 b5 25. e4 Bxf2+ 26. Qxf2 dxe4 27. Nxe4 Bxe4 28. Bxe4 Qc5 29. Qxc5 Rxc5 30. Bd3 Kf8 31. Rxe8+ Kxe8 32. Re1+ Kd7 33. Re2 g6 34. Kf2 Nd5 35. Be4 Nf4 36. Rd2+ Ke7 37. Ke3 g5 38. g3 Ne6 39. Rd5 Rxd5 40.
Bxd5 Nd8 41. Kd4 Kd6 42. h3 Ne6+ 43. Bxe6 fxe6 44. f4 gxf4 45. gxf4 Kc6 46. Ke5 Kd7 47. h4 Ke7 48. h5 Kd7 49. Kf6 Kd6 50. Kg6 e5 51. f5 e4 52. f6 e3 53. f7 Ke7 54.
Kg7 1-0

[Event "*** SCC Grand Prix: Titled Tuesday Blitz"]
[Site "Chess.com"]
[Date "2020.07.14"]
[Round "10"]
[White "ChainsOfFantasia"]
[Black "aloe_normansen"]
[Result "1-0"]
[WhiteElo "2484"]
[BlackElo "2251"]
[TimeControl "180+1"]
[EndTime "11:59:17 PDT"]
[Termination "ChainsOfFantasia won by resignation"]

1. c4 Nf6 2. Nc3 g6 3. d4 Bg7 4.
e4 d6 5. h3 O-O 6. Be3 e5 7. d5 a5 8. g4 Na6 9. Nge2 c6 10. Ng3 cxd5 11. cxd5 Bd7 12. Be2 a4 13. h4 a3 14. b3 Rc8 15. Rc1 b5 16. g5 Ne8 17. Kf1 Qa5 18. Qd2 b4 19. Nb1 Rxc1+ 20.
Qxc1 Nec7 21. h5 Bb5 22. Nd2 Bxe2+ 23. Nxe2 Nb5 24. Qc6 Nb8 25. Qc2 Qa6 26. Nc4 Rc8 27.
hxg6 fxg6 28. Qd2 Nd4 29. Nxd4 exd4 30. Bf4 Rxc4 31. bxc4 Qxc4+ 32. Kg2 d3 33. f3 b3 34.
Rc1 b2 35. Rxc4 b1=Q 36. Rc8+ Bf8 37. Rc3 Qb2 38. Rxd3 Qb5 39. Rc3 Nd7 40. Rc8 Ne5 41.
Bxe5 dxe5 42. Qc2 Qb2 43. Qxb2 axb2 44. Rb8 Kf7 45. Rxb2 Bc5 46. Rb3 Bd4 47. a4 1-0

[Event "*** SCC Grand Prix: Titled Tuesday Blitz"]
[Site "Chess.com"]
[Date "2020.07.14"]
[Round "10"]
[White "PSvidler"]
[Black "Rodalquilar"]
[Result "1-0"]
[WhiteElo "2952"]
[BlackElo "2642"]
[TimeControl "180+1"]
[EndTime "11:59:19 PDT"]
[Termination "PSvidler won by checkmate"]

1. c4 e6 2. Nc3 d5 3. d4 a6 4. cxd5 exd5 5. Qb3 c5 6. e4 Nc6 7. Nf3 c4 8. Qd1 Bb4 9. exd5 Qxd5 10. Be2 Be6 11. O-O Bxc3 12. bxc3 Nf6 13. Ba3 Ne4 14. Qc2 Nd6 15. Nd2 Bf5 16. Qb2 Bd3 17. Bf3 Qb5 18. Rfe1+ Kd7 19. Qc1 Rae8 20. Bxd6 Kxd6 21. Qa3+ Kc7 22. h4 Qa5 23. Qb2 Qb5 24. Qc1 g5 25. a4 Qf5 26. Qa3 gxh4 27. d5 Ne5 28. d6+ Kb8 29. Qb4 Nxf3+ 30. Nxf3 h3 31. Nd4 Qd5 32. f3 Rhg8 33. Re7 Rxg2+ 34. Kh1 Rxe7 35. dxe7 Re2 36. Rg1 Ka7 37. a5 Re6 38. Qb6+ Rxb6 39. axb6+ Kxb6 40. e8=Q Ka7 41. Qe3 Qc5 42. Rg8 a5 43. Rd8 a4 44.
Rd5 Qb6 45. Ra5+ Qxa5 46. Nc6+ Ka6 47. Nxa5 Kxa5 48. Qc5+ b5 49. Qa7# 1-0

[Event "*** SCC Grand Prix: Titled Tuesday Blitz"]
[Site "Chess.com"]
[Date "2020.07.14"]
[Round "10"]
[White "giantslayer83"]
[Black "AsaHoffmann"]
[Result "1-0"]
[WhiteElo "2723"]
[BlackElo "2408"]
[TimeControl "180+1"]
[EndTime "11:59:19 PDT"]
[Termination "giantslayer83 won on time"]

1. d4 Nf6 2. Bg5 e6 3. e4 d6 4. Nc3 Be7 5. Nf3 b6 6. Bb5+ c6 7. Bd3 Nbd7 8. Qd2 e5 9. h3 Qc7 10. a4 a5 11. Bc4 Ba6 12. Ba2 O-O 13. Be3 Rfe8 14. Ng5 Rf8 15. d5 c5 16. g4 c4 17.
f3 Rab8 18. h4 h5 19. gxh5 Nxh5 20. Qg2 Ndf6 21. Rg1 b5 22. axb5 Bxb5 23. Kd2 Bd7 24. Rab1 Rb7 25. Qe2 Rc8 26. Rg2 g6 27. Kc1 Kf8 28.
Qd2 Ke8 29. Ne2 Rcb8 30. Qc3 Rb4 31. Kd2 Qb7 32. Bxc4 Rxb2 33. Rxb2 Qxb2 34. Qxb2 Rxb2 35. Rg1 a4 36. Ra1 Bd8 37. Kc1 Rb8 38. Bd3 Bb6 39.
Bxb6 Rxb6 40. c4 Ke7 41. Kc2 Ne8 42. Nc3 Nc7 43. Nxa4 Bxa4+ 44. Rxa4 Na6 45. Kc3 Nc5 46. Ra7+ Ke8 47. Bc2 f6 48. Ne6 Nxe6 49. dxe6 Nf4 50. Ba4+ 1-0

[Event "*** SCC Grand Prix: Titled Tuesday Blitz"]
[Site "Chess.com"]
[Date "2020.07.14"]
[Round "10"]
[White "Jaka_Brilej"]
[Black "AttilaTurzo"]
[Result "0-1"]
[WhiteElo "2330"]
[BlackElo "2487"]
[TimeControl "180+1"]
[EndTime "11:59:20 PDT"]
[Termination "AttilaTurzo won by resignation"]

1. e4 c5 2. Nf3 d6 3. d4 cxd4 4. Nxd4 Nf6 5. Nc3 a6 6. f3 e5 7. Nb3 Be6 8. Be3 Be7 9. Qd2 h5 10. Nd5 Nxd5 11. exd5 Bf5 12. Be2 Nd7 13. O-O a5 14. c4 b6 15. Rac1 O-O 16. Na1 Nc5 17. Nc2 g6 18. Na3 Bd7 19. Bd3 Bf6 20. f4 exf4 21.
Bxf4 Nxd3 22. Qxd3 Bxb2 23. Rb1 Bf5 24. Qg3 h4 25.
Qf3 Bd4+ 26. Kh1 Bxb1 27. Rxb1 Qf6 28. Nb5 Be5 29. Bxe5 Qxf3 30. gxf3 dxe5 31. Nc7 Rab8 32. d6 Rfd8 33. Rd1 Rd7 34. Kg2 Rbd8 35. Nb5 f6 36. Kh3 Kf7 37. Kxh4 Ke6 38. Rd5 Rxd6 39. Nxd6 Rxd6 40.
Rb5 Rc6 41. Kg3 Kf5 42. c5 Rxc5 43. Rxb6 Rc2 44. a3 Rc3 45. a4 Rc4 46. Ra6 Rxa4 47. Ra8 Ra3 48. Ra7 e4 49. Kg2 exf3+ 50. Kf2 Kf4 51.
Rf7 Ra2+ 52. Kf1 f5 53. h4 a4 54. Ra7 Rh2 55. h5 Rxh5 56. Rxa4+ Kg3 57. Kg1 f2+ 58. Kf1 Rh1+ 59. Ke2 f1=Q+ 60. Ke3 0-1

[Event "*** SCC Grand Prix: Titled Tuesday Blitz"]
[Site "Chess.com"]
[Date "2020.07.14"]
[Round "10"]
[White "Ze-Pequeno"]
[Black "Juanovic"]
[Result "1-0"]
[WhiteElo "2250"]
[BlackElo "2093"]
[TimeControl "180+1"]
[EndTime "11:59:21 PDT"]
[Termination "Ze-Pequeno won by resignation"]

1. e4 c5 2. Nf3 d6 3. d4 cxd4 4. Nxd4 Nf6 5. Nc3 g6 6. Be3 Bg7 7. f3 Nc6 8. Qd2 O-O 9. O-O-O d5 10. exd5 Nxd5 11. Nxc6 bxc6 12. Bd4 e5 13. Bc5 Be6 14. Ne4 Re8 15. h4 h5 16. Bc4 a5 17.
Qf2 a4 18. Ba3 Qa5 19. Nd6 Reb8 20. Rhe1 Qb6 21. Qxb6 Rxb6 22. Bc5 Rbb8 23. c3 Bh6+ 24. Kc2 Bf8 25. Ne4 Bf5 26. Bxf8 Rxf8 27. Bd3 Bxe4 28. Bxe4 Rfd8 29. g3 Kg7 30. a3 Rab8 31. c4 Ne7 32. Kc3 Kf6 33. Rxd8 Rxd8 34. Bc2 Rd4 35. Bxa4 c5 36. Bc2 Nf5 37. Be4 Nxg3 38. a4 Nxe4+ 39. fxe4 Ke6 40. a5 Rd6 41. Ra1 Ra6 42. b4 cxb4+ 43.
Kxb4 f5 44. Kb5 Ra8 45. a6 f4 46. a7 g5 47. hxg5 h4 48. Kb6 h3 49. Kb7 Rh8 50. a8=Q Rxa8 51. Kxa8 f3 52. c5 f2 53.
c6 1-0